 Dungeon Crawl Stone Soup version 0.25-a0-413-g3b4b6a4ccc (webtiles) character file.

Game seed: 13297824269140744202, levelgen mode: deterministic

723 ChaosChampion the Conjurer (level 7, 0/53 HPs)
             Began as a Demigod Conjurer on Jan 17, 2020.
             Slain by Menkaure (14 damage)
             ... on level 5 of the Dungeon.
             The game lasted 00:11:36 (3060 turns).

ChaosChampion the Conjurer (Demigod Conjurer)       Turns: 3060, Time: 00:11:37

Health: 0/53       AC:  4    Str: 11    XL:     7   Next: 19%
Magic:  5/16       EV: 13    Int: 23    God:
Gold:   197        SH:  0    Dex: 16    Spells: 11/14 levels left

rFire    . . .     SeeInvis .   e - +2 spear (venom)
rCold    . . .     Gourm    .   (no shield)
rNeg     . . .     Faith    .   a - +1 robe
rPois    .         Spirit   .   (no helmet)
rElec    .         Reflect  .   (no cloak)
rCorr    .         Harm     .   d - +0 pair of gloves
MR       .....                  (no boots)
Stlth    ++........             (no amulet)
HPRegen  0.17/turn              (no ring)
MPRegen  0.15/turn              (no ring)

@: no status effects
A: high mp 1
a: no special abilities


You were on level 5 of the Dungeon.
You were very hungry.

You visited 1 branch of the dungeon, and saw 5 of its levels.

You collected 197 gold pieces.

Inventory:

Hand Weapons
 e - a +2 spear of venom (weapon)
 g - a +0 spear of flaming
 j - a +1 dagger of electrocution
Armour
 a - a +1 robe (worn)
 d - a +0 pair of gloves (worn)
Jewellery
 h - a +2 ring of slaying {unknown}
 n - an uncursed ring of ice {unknown}
 o - a cursed amulet of inaccuracy {unknown}
Scrolls
 b - 2 scrolls of identify
 f - 3 scrolls of remove curse
 i - a scroll of enchant weapon {unknown}
 p - a scroll of teleportation
Potions
 k - a potion of ambrosia {unknown}
 l - a potion of flight {unknown}
 m - a potion of haste {unknown}
 q - a potion of agility {unknown}
Comestibles
 c - 7 rations


   Skills:
 * Level 1.7 Fighting
 * Level 1.8 Polearms
 * Level 1.6 Armour
 + Level 2.1 Dodging
 - Level 1.7 Stealth
 * Level 4.0 Spellcasting
 * Level 6.2 Conjurations


You had 11 spell levels left.
You knew the following spells:

 Your Spells              Type           Power        Failure   Level  Hunger
a - Magic Dart            Conj           ####         1%          1    None
b - Searing Ray           Conj           ####..       1%          2    #......

Your spell library contained the following spells:

 Spells                   Type           Power        Failure   Level  Hunger
 Dazzling Flash           Conj/Hex       ###...       9%          3    ##.....
 Fulminant Prism          Conj/Hex       ###.......   28%         4    ####...
 Iskenderun's Mystic Bla  Conj/Tloc      ###.....     28%         4    ####...


Dungeon Overview and Level Annotations

Branches:
Dungeon (5/15)
 Temple: D:4-7

Annotations:
D:5 Menkaure


Innate Abilities, Weirdness & Mutations

You have an increased reservoir of magic. (+10% MP)


Message History

Menkaure calls on the powers of darkness!
Your body is wracked with pain!
* * * LOW HITPOINT WARNING * * *
Casting: Magic Dart (safe; 1% risk of failure)
Confirm with . or Enter, or press ? or * to list all spells.
Aiming: Searing Ray (safe; 1% risk of failure)
Press: ? - help, Shift-Dir - straight line, f - Menkaure
Aim: Menkaure (fast)
The searing ray hits Menkaure.
Menkaure is lightly damaged. (Press . to maintain the ray.)
The searing ray hits Menkaure!
Menkaure is heavily damaged.
The searing ray hits Menkaure!
Menkaure is severely damaged.
Menkaure completely misses you.
The searing ray hits Menkaure.
Menkaure is almost destroyed.
You finish channeling your searing ray.
Menkaure hits you!
You die...

#.....<..+.........'
#.#...####........M#
#.....# #.......##
##.###.# ##.....###
#....#.# ##...## #
##.#.#.# ##'##
#.....# #.# ###.###
#####M##### #@#
#.........# #M#
#.##...##.#
#)######.#.....#
#..(M.........##
########.#...##
#.###.... #.# #.###
#.# .# #..


You could see Menkaure.

Vanquished Creatures
  2 phantoms (D:4)
  A centaur (D:5)
  A howler monkey (D:4)
  A bullfrog skeleton (D:4)
  A centaur skeleton (D:4)
  An iguana (D:4)
  Jessica (D:3)
  4 worker ants (D:4)
  A howler monkey zombie (D:3)
  8 gnolls
  4 adders
  2 oozes (D:5)
  2 adder skeletons (D:4)
  2 worms
  4 dart slugs
  4 leopard geckos
  8 orcs
  5 giant cockroaches
  5 goblins
  6 hobgoblins
  11 kobolds
  A bat (D:2)
  8 frilled lizards
  8 rats
91 creatures vanquished.

Notes
Turn   | Place    | Note
-------+----------+-------------------------------------------
     0 | D:1      | ChaosChampion the Demigod Conjurer began the quest for the
                  | Orb.
     0 | D:1      | Reached XP level 1. HP: 14/14 MP: 5/5
   116 | D:1      | Reached skill level 4 in Conjurations
   167 | D:1      | Reached XP level 2. HP: 20/20 MP: 0/7
   171 | D:1      | Learned a level 2 spell: Searing Ray
   333 | D:1      | You fall into a shaft and drop 1 floor!
   445 | D:2      | Reached XP level 3. HP: 26/26 MP: 2/8
   983 | D:2      | Reached XP level 4. HP: 26/33 MP: 4/10
  1122 | D:2      | Reached skill level 5 in Conjurations
  1536 | D:3      | Noticed Jessica
  1541 | D:3      | Killed Jessica
  1541 | D:3      | Reached XP level 5. HP: 29/39 MP: 3/11
  2191 | D:4      | Noticed a phantom
  2239 | D:4      | Killed a phantom
  2239 | D:4      | Reached skill level 1 in Fighting
  2239 | D:4      | Reached XP level 6. HP: 39/47 MP: 2/13
  2284 | D:4      | Reached skill level 1 in Polearms
  2284 | D:4      | Reached skill level 1 in Armour
  2306 | D:4      | HP: 1/47 [centaur skeleton (6)]
  2459 | D:4      | Reached skill level 6 in Conjurations
  2747 | D:4      | Found a burning altar of Makhleb.
  2778 | D:4      | Reached XP level 7. HP: 51/52 MP: 7/16
  2961 | D:5      | Entered Level 5 of the Dungeon
  3026 | D:5      | Noticed Menkaure
  3060 | D:5      | Slain by Menkaure

Levels and vault maps discovered:
D:1:      dpeg_arrival_tiny_a, layout_rooms
D:2:      layout_basic
D:3:      layout_loops_corners, first_ration, uniq_jessica
D:4:      layout_loops_ring, bloody_makhleb
D:5:      layout_loops_corners, hangedman_abyss_or_decor_slice, uniq_edmund,
          uniq_menkaure

Skill      XL: |  1  2  3  4  5  6  7 |
---------------+----------------------+-----
Conjurations   | 4 5 6 |  6.2
Spellcasting   | 2 3 4 |  4.0
Fighting       | 1 |  1.7
Dodging        | 2 |  2.1
Polearms       | 1 |  1.8
Armour         | 1 |  1.6
Stealth        | |  1.7

Action                   |  1- 3 |  4- 6 |  7- 9 || total
-------------------------+-------+-------+-------++-------
Melee: Unarmed           |    42 |       |       ||    42
       Spear             |     5 |    46 |     1 ||    52
 Cast: Magic Dart        |    48 |    81 |    12 ||   141
       Searing Ray       |     8 |    21 |     4 ||    33
  Use: Scroll            |     1 |     5 |       ||     6
       Potion            |       |     2 |       ||     2
  Eat: Chunk             |       |     7 |       ||     7
Armor: Robe              |    13 |     6 |     1 ||    20
Dodge: Dodged            |    32 |    41 |     7 ||    80

Table legend:
 A = Non-vault XP
 B = Vault XP
 C = Vault XP percentage of total XP
 D = Non-vault monster count
 E = Vault monster count
 F = Vault count percentage of total count
                 A         B        C        D         E       F
            +---------+---------+-------+---------+---------+-------
      Total |     996 |      37 |   3.6 |      90 |       1 |   1.1
            +---------+---------+-------+---------+---------+-------
        D:1 |      42 |       0 |   0.0 |      23 |       0 |   0.0
        D:2 |      80 |       0 |   0.0 |      14 |       0 |   0.0
        D:3 |      84 |      37 |  30.6 |      25 |       1 |   3.8
        D:4 |     667 |       0 |   0.0 |      25 |       0 |   0.0
        D:5 |     123 |       0 |   0.0 |       3 |       0 |   0.0
            +---------+---------+-------+---------+---------+-------
